Map: Frozen Temple

Players

capac - Winner!

  • Race: Terran Terran
  • League: Gold

A.I. 1 (Elite)

  • Race: Protoss Protoss

VOD

Have the link to the VOD?

Description

Time

  • Played on: April 17, 2016, 8:55 a.m.
  • Length: 10:12
Show
View Real Time Build Order
Export as new Build Order

capac Terran - Winner!

Build Orders: Reaper Expand, MMM Bio 

Get SALT Encoding   

  12  0:01  SCV  
  13  0:13  SCV  
  14  0:20  Supply Depot  
  14  0:25  SCV  
  15  0:42  SCV  
  16  0:43  Barracks  
  16  0:47  Refinery  
  16  0:58  SCV  
  17  1:10  SCV  
  18  1:22  SCV  
  19  1:31  Reaper  
  20  1:34  Orbital Command  
  20  1:44  Command Center  
  20  1:52  Supply Depot  
  20  2:03  SCV  
  20  2:07  Barracks Reactor  
  21  2:18  Barracks  
  21  2:20  Barracks  
  21  2:21  SCV  
  22  2:33  SCV  
  22  2:37  Refinery  
  23  2:41  Factory  
  23  2:47  Marine x2  
  23  2:49  SCV  
  26  2:56  Orbital Command  
  26  3:05  SCV  
  26  3:11  Barracks Tech Lab  
  26  3:12  Barracks Reactor  
  27  3:15  Marine  
  27  3:16  Marine  
  27  3:18  Refinery, SCV  
  30  3:29  Starport, Factory Reactor  
  30  3:31  Marine  
  31  3:36  SCV x2  
  33  3:43  Marine  
  33  3:48  SCV x2  
  36  3:50  Stimpack  
  36  4:00  SCV x2  
  36  4:01  Marine x4  
  36  4:02  Marine  
  43  4:12  Supply Depot  
  43  4:16  SCV x2  
  45  4:19  Medivac x2  
  45  4:20  Marine  
  45  4:23  Marine  
  51  4:29  Marine x2  
  51  4:30  Marine  
  54  4:37  Supply Depot  
  54  4:38  Marine  
  54  4:41  SCV x2  
  54  4:44  Marine  
  57  4:52  Medivac x2  
  59  4:53  SCV  
  59  4:58  Marine  
  59  4:59  SCV  
  64  5:01  Marine x2  
  64  5:02  Marine  
  64  5:03  Factory Tech Lab  
  68  5:07  SCV  
  68  5:09  Supply Depot  
  68  5:11  SCV  
  69  5:21  Marine  
  70  5:30  Marine x4, Siege Tank  
  70  5:33  Supply Depot  
  70  5:34  SCV  
  70  5:35  SCV  
  79  5:39  Marine  
  80  5:47  SCV x2  
  80  5:48  Marine x4  
  86  5:51  Refinery  
  86  5:56  Supply Depot  
  86  5:57  Marine  
  83  6:31  Liberator x2  
  83  6:36  Marine x4  
  83  6:38  Siege Tank  
  90  6:43  Supply Depot  
  90  6:46  Marine  
  91  6:54  Marine  
  97  6:55  Marine, Command Center  
  97  6:56  Marine x2  
  97  6:57  SCV  
  97  6:58  Barracks  
  97  6:59  Barracks  
  102  7:05  SCV  
  103  7:09  SCV  
  103  7:13  Marine x3  
  107  7:21  Marine, SCV x2  
  110  7:46  Starport  
  110  7:48  Barracks Tech Lab, Barracks Reactor, Combat Shields  
  110  7:50  Liberator x2  
  110  7:53  Factory  
  110  8:06  Marine x5  
  110  8:07  SCV x2  
  123  8:19  SCV  
  124  8:24  Marine  
  124  8:25  Marine  
  124  8:26  Marine  
  125  8:28  Marine  
  125  8:29  Marine  
  120  8:55  Marine  
  120  8:56  Marine x4  
  120  8:57  Liberator x2  
  120  9:00  Marine  
  124  9:03  Marauder  
  125  9:10  Supply Depot  
  125  9:13  Marine  
  125  9:14  Marauder, Marine x3  
  137  9:20  Starport Reactor  
  137  9:24  Barracks  
Show
View Real Time Build Order
Export as new Build Order

A.I. 1 (Elite) Protoss 

Build Orders: Colossus Rush 

Get SALT Encoding   

  12  0:01  Probe (Chrono Boost)  
  13  0:11  Probe (Chrono Boost)  
  14  0:20  Pylon  
  14  0:22  Probe (Chrono Boost)  
  15  0:39  Probe (Chrono Boost)  
  16  0:48  Assimilator  
  16  0:49  Probe (Chrono Boost)  
  17  0:51  Gateway  
  17  1:00  Probe (Chrono Boost)  
  17  1:02  Pylon  
  18  1:10  Probe (Chrono Boost)  
  19  1:21  Probe (Chrono Boost)  
  20  1:31  Probe (Chrono Boost)  
  21  1:38  Zealot  
  21  1:39  Gateway  
  21  1:43  Cybernetics Core, Probe (Chrono Boost)  
  24  1:51  Pylon  
  25  1:54  Probe (Chrono Boost)  
  25  2:03  Zealot  
  25  2:06  Probe (Chrono Boost)  
  28  2:13  Warp Gate  
  28  2:15  Assimilator  
  28  2:17  Probe (Chrono Boost)  
  29  2:28  Probe (Chrono Boost)  
  29  2:30  Adept  
  29  2:31  Adept  
  33  2:40  Probe (Chrono Boost)  
  33  2:42  Pylon  
  35  2:52  Probe (Chrono Boost)  
  35  2:55  Adept  
  39  2:58  Sentry  
  39  3:04  Probe (Chrono Boost)  
  40  3:16  Probe (Chrono Boost)  
  41  3:23  Nexus  
  42  3:27  Probe (Chrono Boost)  
  42  3:29  Stalker  
  44  3:39  Probe (Chrono Boost)  
  45  3:49  Robotics Facility  
  45  3:50  Probe (Chrono Boost)  
  46  4:01  Probe (Chrono Boost)  
  47  4:03  Pylon  
  47  4:21  Adept  
  47  4:23  Probe (Chrono Boost)  
  50  4:28  Adept  
  52  4:34  Probe (Chrono Boost)  
  52  4:35  Probe (Chrono Boost)  
  54  4:41  Adept  
  54  4:45  Probe (Chrono Boost)  
  57  4:46  Probe (Chrono Boost)  
  57  4:52  Robotics Bay  
  58  4:54  Observer  
  58  4:56  Probe (Chrono Boost)  
  58  4:58  Probe (Chrono Boost)  
  61  5:04  Robotics Facility  
  62  5:07  Probe (Chrono Boost)  
  62  5:09  Probe (Chrono Boost)  
  62  5:11  Pylon  
  62  5:13  Stalker  
  65  5:17  Stalker  
  65  5:18  Probe (Chrono Boost)  
  68  5:24  Probe (Chrono Boost)  
  68  5:25  Pylon  
  69  5:30  Probe (Chrono Boost)  
  70  5:36  Colossus  
  76  5:44  Stalker  
  76  5:45  Probe (Chrono Boost)  
  76  5:46  Assimilator  
  79  5:57  Twilight Council  
  79  6:01  Pylon  
  79  6:03  Assimilator  
  77  6:04  Probe (Chrono Boost)  
  77  6:05  Probe (Chrono Boost)  
  64  6:15  Probe (Chrono Boost)  
  64  6:16  Probe (Chrono Boost)  
  66  6:26  Probe (Chrono Boost)  
  66  6:27  Probe (Chrono Boost), Gateway  
  68  6:37  Probe (Chrono Boost)  
  68  6:38  Probe (Chrono Boost)  
  70  6:45  Zealot  
  72  6:47  Templar Archives  
  72  6:48  Probe (Chrono Boost)  
  72  6:49  Probe (Chrono Boost)  
  74  6:59  Probe (Chrono Boost)  
  74  7:00  Probe (Chrono Boost)  
  76  7:10  Probe (Chrono Boost)  
  76  7:11  Probe (Chrono Boost)  
  76  7:15  Zealot x2  
  82  7:19  Nexus, Pylon  
  82  7:21  Probe (Chrono Boost), Zealot  
  85  7:32  Probe (Chrono Boost)  
  85  7:33  Probe (Chrono Boost), High Templar  
  85  7:34  Sentry  
  91  7:40  High Templar  
  91  7:41  Pylon  
  91  7:43  Probe (Chrono Boost)  
  95  7:45  Probe (Chrono Boost)  
  95  7:53  Probe (Chrono Boost)  
  95  7:55  Stalker  
  98  8:03  Archon  
  98  8:06  Stalker, Pylon  
  98  8:10  High Templar  
  102  8:15  Forge  
  102  8:16  High Templar  
  104  8:27  Zealot  
  104  8:30  Pylon  
  104  8:32  Probe (Chrono Boost)  
  100  8:34  Probe (Chrono Boost)  
  100  8:39  Stalker  
  71  8:44  Probe (Chrono Boost)  
  71  8:45  High Templar  
  71  8:46  Probe (Chrono Boost), Zealot  
  55  8:57  Probe (Chrono Boost)  
  55  9:00  Zealot  
  57  9:04  Archon  
  57  9:06  High Templar  
  57  9:09  Nexus  
  59  9:16  Zealot  
  61  9:29  High Templar  
  23  9:53  Zealot  
  23  9:54  Probe (Chrono Boost)  
Tags
 
Composition
MMM Bio
League
Gold
Matchup
PvT
Add a new tag
Caveats
  • Supply blocks, unpowered buildings, or Contaminate may cause inaccurate times.
  • Supply counts are checked every 10 seconds.